 Dungeon Crawl Stone Soup version 0.29-a0-106-g0a07039d5a (webtiles) character file.

Game seed: 11360728250240225717

7005 frimble the Nimble (level 11, -2/124 HPs)
             Began as a Gnoll Wanderer on Feb 17, 2022.
             Was a Follower of Cheibriados.
             Slain by a seven-headed hydra (12 damage)
             ... on level 2 of the Lair of Beasts.
             The game lasted 00:16:12 (13409 turns).

frimble the Nimble (Gnoll Wanderer)                Turns: 13409, Time: 00:16:13

Health: -2/124     AC: 25    Str: 13    XL:     11   Next: 8%
Magic:  20/20      EV:  2    Int: 18    God:    Cheibriados [*.....]
Gold:   909        SH:  0    Dex: 23    Spells: 20/23 levels left

rFire   . . .      SeeInvis +     - Unarmed
rCold   . . .      Faith    .   (no shield)
rNeg    . . .      Spirit   .   (armour currently unavailable)
rPois   +          Reflect  .   (helmet currently unavailable)
rElec   +          Harm     .   (cloak currently unavailable)
rCorr   +          Rampage  .   (gloves currently unavailable)
Will    .....      NoTele   +   (boots currently unavailable)
Stlth   ++++......              (no amulet)
HPRegen 0.30/turn               j - ring of see invisible
MPRegen 0.17/turn               y - ring of Ruschuv {rElec rCorr Dex+6}

@: mighty, tree-form, very slow
A: stationary, stasis, torment immunity, boosted hp, (fangs 1), strong nose,
distributed training
a: Renounce Religion, Bend Time


You were on level 2 of the Lair of Beasts.
You worshipped Cheibriados.
Cheibriados was aware of your devotion.
You were a tree.
You visited 3 branches of the dungeon, and saw 11 of its levels.

You collected 1413 gold pieces.
You spent 504 gold pieces at shops.

Inventory:

Hand Weapons
 m - a +4 demon blade of venom
Missiles
 a - 5 javelins (quivered)
Armour
 e - +0 steam dragon scales (melded)
 f - a +1 helmet (melded)
 l - a +1 cloak (melded)
 u - a +0 pair of gloves (melded)
Jewellery
 d - an amulet of faith
 j - a ring of see invisible (left branch)
 p - a ring of positive energy
 w - a ring of flight
 y - the ring of Ruschuv (right branch) {rElec rCorr Dex+6}
   (You found it on level 7 of the Dungeon)

   [ring of dexterity]

   Dex:       It affects your dexterity (+6).
   rElec:     It insulates you from electricity.
   rCorr:     It protects you from acid and corrosion.
Wands
 c - a wand of polymorph (2)
Scrolls
 q - a scroll of holy word
 s - a scroll of enchant armour
 v - a scroll of fog
 z - a scroll of magic mapping
Potions
 b - 2 potions of attraction
 g - a potion of resistance
 h - a potion of degeneration
 i - 3 potions of curing
 k - a potion of haste
 n - a potion of heal wounds
 o - a potion of might
 r - 3 potions of lignification


   Skills:
 + Level 6.5 Fighting
 + Level 5.9 Short Blades
 + Level 5.9 Long Blades
 + Level 5.9 Axes
 + Level 5.9 Maces & Flails
 + Level 5.9 Polearms
 + Level 5.9 Staves
 + Level 5.9 Slings
 + Level 5.9 Bows
 + Level 5.9 Crossbows
 + Level 5.9 Throwing
 + Level 5.9 Armour
 + Level 10.4 Dodging
 + Level 6.4 Stealth
 + Level 5.9 Shields
 + Level 5.9 Unarmed Combat
 + Level 6.6 Spellcasting
 + Level 4.9 Conjurations
 + Level 4.9 Hexes
 + Level 4.9 Summonings
 + Level 4.9 Necromancy
 + Level 7.4 Translocations
 + Level 4.9 Transmutations
 + Level 4.9 Fire Magic
 + Level 4.9 Ice Magic
 + Level 4.9 Air Magic
 + Level 4.9 Earth Magic
 + Level 4.9 Poison Magic
 + Level 6.5 Invocations
 + Level 5.9 Evocations


You had 20 spell levels left.
You knew the following spells:

 Your Spells              Type           Power      Damage    Failure   Level
a - Apportation           Tloc           64%        N/A       1%          1
b - Blink                 Tloc           64%        N/A       1%          2

Your spell library contained the following spells:

 Spells                   Type           Power      Damage    Failure   Level
 Beastly Appendage        Tmut           46%        N/A       1%          1
 Corpse Rot               Necr/Air       46%        N/A       2%          2
 Poisonous Vapours        Pois/Air       46%        N/A       2%          2
 Wereblood                Tmut           23%        N/A       2%          2
 Portal Projectile        Hex/Tloc       56%        N/A       2%          3
 Spider Form              Tmut/Pois      23%        N/A       4%          3
 Tukima's Dance           Hex            23%        N/A       4%          3
 Anguish                  Hex/Necr       11%        N/A       14%         4
 Animate Dead             Necr           11%        N/A       14%         4
 Manifold Assault         Tloc           32%        N/A       14%         5
 Enfeeble                 Hex            11%        N/A       100%        7
 Haunt                    Necr/Summ      11%        N/A       100%        7
 Storm Form               Tmut/Air       11%        N/A       100%        7
 Infestation              Necr           11%        N/A       100%        8


Dungeon Overview and Level Annotations

Branches:
Dungeon (8/15)             Temple (1/1) D:7            Lair (1/6) D:8
  Swamp (0/4) Lair:2

Altars:
Ashenzari
Cheibriados
Dithmenos
Elyvilon
Hepliaklqana
Nemelex Xobeh
Okawaru
Qazlal
Ru
Trog
Uskayaw
Vehumet
Wu Jian
Xom
Yredelemnul
The Shining One
Beogh

Shops:
D:7 *

Annotations:
D:5 3 runed translucent doors, cyrus's ghost, novice MiBe
D:7 mathmaestro's ghost, novice TrMo
D:8 Erica


Innate Abilities, Weirdness & Mutations

You are a tree.
Your roots penetrate the ground, keeping you stationary.
You cannot be teleported.
You are immune to unholy pain and torment.
Your maximum health is greatly increased.
Your equipment is partially melded.
((You have very sharp teeth.))
Your uncanny sense of smell can sniff out nearby items.
Your experience applies equally to all skills.


Message History

You kill the iguana!
Cheibriados appreciates the change of pace.
Your +4 demon blade of venom stops dripping with poison.
You are now empty-handed.
You punch the seven-headed hydra! x2
The seven-headed hydra is moderately wounded.
The seven-headed hydra bites you!
The seven-headed hydra barely misses you.
The seven-headed hydra bites you. The seven-headed hydra misses you.
The seven-headed hydra bites you.
The seven-headed hydra closely misses you.
The seven-headed hydra bites you.
You hit the seven-headed hydra.
The seven-headed hydra is moderately wounded.
The seven-headed hydra bites you but does no damage.
The seven-headed hydra bites you. The seven-headed hydra misses you.
The seven-headed hydra barely misses you.
The seven-headed hydra bites you. The seven-headed hydra bites you!
* * * LOW HITPOINT WARNING * * *
The seven-headed hydra closely misses you.
You barely miss the seven-headed hydra. You punch the seven-headed hydra!
The seven-headed hydra is heavily wounded.
You hit the seven-headed hydra.
The seven-headed hydra is heavily wounded.
The seven-headed hydra barely misses you.
The seven-headed hydra closely misses you. x2
The seven-headed hydra bites you!
* * * LOW HITPOINT WARNING * * *
The seven-headed hydra bites you but does no damage.
The seven-headed hydra bites you.
* * * LOW HITPOINT WARNING * * *
The seven-headed hydra barely misses you.
It was a potion of lignification.
You turn into a tree.
Your +1 cloak melds into your body.
Your +1 helmet melds into your body.
Your +0 pair of gloves melds into your body.
Your +0 steam dragon scales melds into your body.
Your roots penetrate the ground.
The seven-headed hydra bites you but does no damage. x2
The seven-headed hydra bites you!
You die...

......# #...#........
......# ###............
#..... ##.#§..#...P#.#.
.....### #.§§§...........
#......###.§§§...........
........§.§§§.§..........
#...###.##§§.§...........
.....######§..#§#D.#P...
#.>.## #.§..#♣### .
#...P# #....### #...##
#....# #...# #...## #...#
#.... ....# #.#... ....#
#..... .....# ###...
....##


You could see a seven-headed hydra.

Vanquished Creatures
  A death yak (D:8)
  A manticore (D:7)
  4 cane toads (Lair:1)
  Maggie (D:6)
  3 wyverns
  2 yaks
  2 steam dragons
  A water moccasin (D:6)
  Duvessa (D:4)
  Pargi (D:4)
  2 black bears
  An orc warrior (D:8)
  A sky beast (D:7)
  A necrophage (D:7)
  6 ogres
  A phantom (D:4)
  3 scorpions
  7 bullfrogs
  Blork the orc (D:4)
  A gnoll sergeant (D:7)
  2 wyvern zombies
  A wyvern skeleton (D:7)
  A water moccasin zombie (D:5)
  Dowan (D:4)
  2 wights (D:7)
  A jelly (D:7)
  2 quasits (D:7)
  A centaur zombie (D:7)
  4 hounds
  6 orc priests
  3 centaur skeletons
  4 iguanas
  Ijyb (D:4)
  2 bullfrog skeletons (D:6)
  9 orc wizards
  A killer bee zombie (D:6)
  A hound skeleton (D:4)
  8 gnolls
  A howler monkey skeleton (D:7)
  5 adders
  2 white imps
  An adder zombie (D:5)
  2 worms
  4 dart slugs
  29 orcs
  9 bats
  9 endoplasms
  4 giant cockroaches
  4 goblins
  7 hobgoblins
  3 jackals (D:4)
  2 quokkas (D:1)
  8 ball pythons
  3 frilled lizards
  2 kobolds
  7 rats
193 creatures vanquished.

Vanquished Creatures (others)
  An adder (D:6)
  2 fungi (Lair:1)
  2 plants
5 creatures vanquished.

Grand Total: 198 creatures vanquished

Notes
Turn   | Place    | Note
-------+----------+-------------------------------------------
     0 | D:1      | frimble the Gnoll Wanderer began the quest for the Orb.
     0 | D:1      | frimble set off with the following items: a +0 dagger, a
                  | potion of attraction, a +2 leather armour; and the
                  | following spell memorised: Apportation; and the following
                  | spells available to memorise: Portal Projectile
     0 | D:1      | Reached XP level 1. HP: 17/17 MP: 4/4
   304 | D:1      | Reached XP level 2. HP: 23/23 MP: 5/5
   860 | D:1      | Reached XP level 3. HP: 28/28 MP: 7/7
  1536 | D:2      | Reached skill level 1 in Invocations
  1670 | D:2      | Reached skill level 1 in Short Blades
  1670 | D:2      | Reached skill level 1 in Long Blades
  1670 | D:2      | Reached skill level 1 in Axes
  1670 | D:2      | Reached skill level 1 in Maces & Flails
  1670 | D:2      | Reached skill level 1 in Polearms
  1670 | D:2      | Reached skill level 1 in Staves
  1670 | D:2      | Reached skill level 1 in Slings
  1670 | D:2      | Reached skill level 1 in Bows
  1670 | D:2      | Reached skill level 1 in Crossbows
  1670 | D:2      | Reached skill level 1 in Throwing
  1670 | D:2      | Reached skill level 1 in Armour
  1670 | D:2      | Reached skill level 1 in Shields
  1670 | D:2      | Reached skill level 1 in Unarmed Combat
  1670 | D:2      | Reached skill level 1 in Evocations
  1699 | D:2      | Reached XP level 4. HP: 34/34 MP: 8/8
  1929 | D:2      | Found a faded altar of an unknown god.
  2415 | D:3      | Noticed a black bear
  2707 | D:3      | Reached skill level 1 in Conjurations
  2707 | D:3      | Reached skill level 1 in Hexes
  2707 | D:3      | Reached skill level 1 in Summonings
  2707 | D:3      | Reached skill level 1 in Necromancy
  2707 | D:3      | Reached skill level 1 in Transmutations
  2707 | D:3      | Reached skill level 1 in Fire Magic
  2707 | D:3      | Reached skill level 1 in Ice Magic
  2707 | D:3      | Reached skill level 1 in Air Magic
  2707 | D:3      | Reached skill level 1 in Earth Magic
  2707 | D:3      | Reached skill level 1 in Poison Magic
  3166 | D:3      | Killed a black bear
  3167 | D:3      | Reached XP level 5. HP: 17/41 MP: 9/9
  3476 | D:3      | Found a sacrificial altar of Ru.
  3486 | D:3      | Reached XP level 6. HP: 44/47 MP: 10/10
  3630 | D:3      | Learned a level 2 spell: Blink
  3906 | D:4      | Noticed Pargi
  3913 | D:4      | Killed Pargi
  3967 | D:4      | Noticed Blork the orc
  3979 | D:4      | Killed Blork the orc
  3980 | D:4      | Reached XP level 7. HP: 29/52 MP: 12/12
  4139 | D:4      | Noticed Ijyb
  4144 | D:4      | Paralysed by Ijyb for 4 turns
  4151 | D:4      | Paralysed by Ijyb for 7 turns
  4152 | D:4      | Killed Ijyb
  4394 | D:4      | Noticed Duvessa
  4397 | D:4      | Noticed Dowan
  4408 | D:4      | Killed Dowan
  4421 | D:4      | Killed Duvessa
  4422 | D:4      | Reached skill level 9 in Dodging
  4864 | D:4      | Identified a scroll of acquirement
  4864 | D:4      | Acquired 508 gold pieces
  4886 | D:5      | Entered Level 5 of the Dungeon
  4937 | D:5      | Reached XP level 8. HP: 60/60 MP: 14/14
  4955 | D:5      | Found an ornate altar of the Wu Jian Council.
  5175 | D:5      | Found a bloodstained altar of Trog.
  5612 | D:5      | Found a runed translucent gate.
  5612 | D:5      | Identified the +4 dagger "Vios" {pain, *Rage Str+2 Int+4
                  | Dex+2}
  5613 | D:5      | Found a runed translucent gate.
  5614 | D:5      | Found a runed translucent gate.
  5614 | D:5      | Noticed cyrus's ghost (novice MiBe)
  6458 | D:6      | Noticed a wyvern
  6490 | D:6      | Killed a wyvern
  6779 | D:6      | Noticed Maggie
  6789 | D:6      | Killed Maggie
  6790 | D:6      | Reached XP level 9. HP: 45/66 MP: 16/16
  7031 | D:6      | Reached skill level 5 in Spellcasting
  7515 | D:6      | Found a sparkling altar of Nemelex Xobeh.
  7712 | D:6      | Reached skill level 5 in Fighting
  7841 | D:6      | Reached skill level 5 in Stealth
  7950 | D:6      | Reached skill level 5 in Invocations
  8200 | D:7      | Found Huemiu's Assorted Antiques.
  8206 | D:7      | Bought an ichor-stained scale mail for 252 gold pieces
  8206 | D:7      | Identified the +3 scale mail of Focus {Harm Will+ Dex+2
                  | Stlth+} (You bought it in a shop on level 7 of the Dungeon)
  8206 | D:7      | Bought a scroll labelled NEOF WANUUFROUC for 28 gold pieces
  8206 | D:7      | Bought a scroll of teleportation for 84 gold pieces
  8208 | D:7      | Bought a granite ring for 140 gold pieces
  8486 | D:7      | You fall into a shaft and drop 1 floor!
  8494 | D:8      | Reached XP level 10. HP: 54/74 MP: 18/18
  8539 | D:8      | Noticed a death yak
  8540 | D:8      | Found a staircase to the Lair.
  8540 | D:8      | Noticed a death yak
  8540 | D:8      | Noticed a death yak
  8540 | D:8      | Noticed a death yak
  8541 | D:8      | Noticed a death yak
  8543 | D:8      | Noticed a death yak
  8564 | D:8      | Killed a death yak
  8565 | D:8      | Reached skill level 5 in Short Blades
  8565 | D:8      | Reached skill level 5 in Long Blades
  8565 | D:8      | Reached skill level 5 in Axes
  8565 | D:8      | Reached skill level 5 in Maces & Flails
  8565 | D:8      | Reached skill level 5 in Polearms
  8565 | D:8      | Reached skill level 5 in Staves
  8565 | D:8      | Reached skill level 5 in Slings
  8565 | D:8      | Reached skill level 5 in Bows
  8565 | D:8      | Reached skill level 5 in Crossbows
  8565 | D:8      | Reached skill level 5 in Throwing
  8565 | D:8      | Reached skill level 5 in Armour
  8565 | D:8      | Reached skill level 10 in Dodging
  8565 | D:8      | Reached skill level 5 in Shields
  8565 | D:8      | Reached skill level 5 in Unarmed Combat
  8565 | D:8      | Reached skill level 5 in Evocations
  8567 | D:8      | Noticed Maurice
  8719 | D:8      | Noticed Maurice
  8719 | D:8      | Maurice changed into Maurice the scorpion
  8725 | D:8      | Killed Maurice the scorpion
  8734 | D:8      | Noticed Harold
  9098 | D:7      | Found a staircase to the Ecumenical Temple.
  9366 | Temple   | Entered the Ecumenical Temple
  9773 | Temple   | Became a worshipper of Cheibriados the Contemplative
 10542 | D:7      | Found a transporter.
 10543 | D:7      | Noticed mathmaestro's ghost (novice TrMo)
 10604 | D:7      | Found a transporter.
 11235 | D:7      | Identified the ring of Ruschuv {rElec rCorr Dex+6}
 11706 | D:8      | Reached * piety under Cheibriados
 11984 | D:8      | Noticed Harold
 11984 | D:8      | Harold changed into Harold the manticore
 11990 | D:8      | Noticed Erica
 11993 | D:7      | Killed Harold the manticore
 12490 | Lair:1   | Entered Level 1 of the Lair of Beasts
 12686 | Lair:1   | Noticed a cane toad
 12699 | Lair:1   | Killed a cane toad
 12879 | Lair:1   | Noticed a cane toad
 12891 | Lair:1   | Killed a cane toad
 13104 | Lair:1   | Noticed a cane toad
 13105 | Lair:1   | Noticed a cane toad
 13118 | Lair:1   | Killed a cane toad
 13119 | Lair:1   | Reached XP level 11. HP: 55/83 MP: 16/20
 13348 | Lair:1   | You fall into a shaft and drop 1 floor!
 13388 | Lair:2   | Found a staircase to the Swamp.
 13389 | Lair:2   | Noticed a five-headed hydra
 13409 | Lair:2   | Slain by a seven-headed hydra

Illustrated notes

Levels and vault maps discovered:
D:1:      saegor_arrival_miasma, layout_basic
D:2:      layout_loops_ring, nicolae_ecumenical_oubliette, serial_bayou,
          serial_bayou_shore_b, serial_bayou_crossing, serial_bayou_lagoon_a,
          serial_bayou_shore_a, grunt_decor_mini_mirrors
D:3:      layout_basic, nicolae_ru_great_annihilating_truth
D:4:      layout_loops_ring, serial_park_tiny_2, minmay_misc_feat_cross,
          grunt_ministairs_13, uniq_blork_the_orc, uniq_duvessa, uniq_pargi,
          uniq_ijyb
D:5:      layout_gridville, mainiacjoe_overflow_surrounded_room,
          nzn_wu_jian_contemplation, biasface_ghost_orc_armoury
D:6:      minmay_polygon_palace, layout_cave_pods, mainiacjoe_overflow_alcove_4,
          uniq_maggie
D:7:      layout_layer_cave, minmay_temple_entry_sparse_star,
          gammafunk_ghost_stat_death, serial_shops, nicolae_diamond_shop,
          roderic_lattice_a
D:8:      layout_rooms, dpeg_lair_monsters, water_boxes_lemuel, uniq_maurice,
          uniq_harold, uniq_grum, uniq_erica
Temple:   minmay_temple_forest_path
Lair:1:   layout_hall_layers, infiniplex_staircase_pool_2, grunt_megastairs_3
Lair:2:   dpeg_oklob_gauntlet, layout_chaotic_city, minmay_swamp_entry_reptiles,
          guppyfry_snake_entry_garden, gammafunk_ghost_hydra_chop

Skill      XL: |  1  2  3  4  5  6  7  8  9 10 |
---------------+-------------------------------+-----
Invocations    | 1 2 3 4 5 6 |  6.5
Short Blades   | 1 2 3 4 5 |  5.9
Long Blades    | 1 2 3 4 5 |  5.9
Axes           | 1 2 3 4 5 |  5.9
Maces & Flails | 1 2 3 4 5 |  5.9
Polearms       | 1 2 3 4 5 |  5.9
Staves         | 1 2 3 4 5 |  5.9
Slings         | 1 2 3 4 5 |  5.9
Bows           | 1 2 3 4 5 |  5.9
Crossbows      | 1 2 3 4 5 |  5.9
Throwing       | 1 2 3 4 5 |  5.9
Armour         | 1 2 3 4 5 |  5.9
Shields        | 1 2 3 4 5 |  5.9
Unarmed Combat | 1 2 3 4 5 |  5.9
Evocations     | 1 2 3 4 5 |  5.9
Spellcasting   | 3 4 5 6 |  6.6
Conjurations   | 1 2 3 4 |  4.9
Hexes          | 1 2 3 4 |  4.9
Summonings     | 1 2 3 4 |  4.9
Necromancy     | 1 2 3 4 |  4.9
Transmutations | 1 2 3 4 |  4.9
Fire Magic     | 1 2 3 4 |  4.9
Ice Magic      | 1 2 3 4 |  4.9
Air Magic      | 1 2 3 4 |  4.9
Earth Magic    | 1 2 3 4 |  4.9
Poison Magic   | 1 2 3 4 |  4.9
Fighting       | 3 4 5 6 |  6.5
Stealth        | 3 4 5 6 |  6.4
Dodging        | 9 10 | 10.4
Translocations | 6 7 |  7.4

Action                   |  1- 3 |  4- 6 |  7- 9 | 10-12 || total
-------------------------+-------+-------+-------+-------++-------
Melee: Dagger            |   196 |       |       |       ||   196
       Bite              |    20 |    11 |    41 |    35 ||   107
       Punch             |     5 |     1 |    14 |    14 ||    34
       Demon blade       |    13 |   102 |   278 |   222 ||   615
       Unarmed           |       |       |       |     4 ||     4
 Cast: Apportation       |     1 |     9 |       |     1 ||    11
       Blink             |       |       |     4 |    12 ||    16
Evoke: Wand              |       |       |       |    13 ||    13
  Use: Scroll            |       |     5 |     6 |     5 ||    16
       Potion            |       |       |       |     9 ||     9
 Stab: Sleeping          |     4 |     6 |     7 |     4 ||    21
       Paralysed         |       |     2 |       |       ||     2
       Distracted        |       |       |     2 |       ||     2
       Invisible         |       |       |       |     4 ||     4
Armor: Leather armour    |    57 |    36 |    64 |       ||   157
       Steam dragon scal |       |       |    67 |   104 ||   171
       Skin              |       |       |       |     2 ||     2
Dodge: Dodged            |   146 |   101 |   303 |   323 ||   873

Table legend: (Time is in decaauts)
 A = Elapsed time spent in this place.
 B = Non-inter-level travel time spent in this place.
 C = Inter-level travel time spent in this place.
 D = Time resting spent in this place.
 E = Time spent auto-exploring this place.
 F = Levels seen in this place.
 G = Mean time per level.
                   A        B        C        D        E       F      G
               +--------+--------+--------+--------+--------+-----+--------+
         Total |  14014 |  13140 |    874 |    787 |  10213 |  11 | 1274.0 |
       Dungeon |  12541 |  11738 |    803 |    787 |   8949 |   8 | 1567.6 |
        Temple |    438 |    368 |     70 |      0 |    356 |   1 |  438.0 |
          Lair |   1034 |   1034 |      0 |      0 |    908 |   2 |  517.0 |
               +--------+--------+--------+--------+--------+-----+--------+

Top non-repeatable levels by time:
     D:7: 3785 daAuts
     D:6: 2029 daAuts
     D:4: 1543 daAuts
     D:3: 1339 daAuts
     D:2: 1319 daAuts
     D:1: 1086 daAuts
     D:5: 1072 daAuts
  Lair:1: 956 daAuts
  Temple: 438 daAuts
     D:8: 365 daAuts
  Lair:2: 78 daAuts
